 Dungeon Crawl Stone Soup version 0.29-a0-283-ga02f740833 (webtiles) character file.

Game seed: 14390403737142631354

161763 PaleWalker the Deadly Accurate (level 17, -4/199 HPs)
             Began as a Gnoll Wanderer on Mar 13, 2022.
             Was the Champion of Jiyva.
             Slain by a salamander mystic
             ... wielding a +0 quarterstaff
              (19 damage)
             ... on level 2 of the Snake Pit.
             The game lasted 01:58:10 (25349 turns).

PaleWalker the Deadly Accurate (Gnoll Wanderer)    Turns: 25349, Time: 01:58:11

Health: -4/199     AC: 15    Str: 16    XL:     17   Next: 15%
Magic:  32/32      EV: 25    Int: 19    God:    Jiyva [******]
Gold:   290        SH:  5    Dex: 21    Spells: 7/38 levels left

rFire   . . .      SeeInvis .   b - +6 quarterstaff "Nualotej" {vamp, rElec rCorr Str+2}
rCold   . . .      Faith    .   (shield currently unavailable)
rNeg    + . .      Spirit   .   l - +3 troll leather armour {Snorg}
rPois   +          Reflect  +   (helmet unavailable)
rElec   +          Harm     .   Y - scarf {+Inv}
rCorr   +          Rampage  .   d - +1 pair of gloves
Will    +....                   L - +2 pair of boots
Stlth   ..........              V - amulet "Gouf Qiv" {Reflect rN+ SH+5}
HPRegen 3.63/turn               k - +4 ring of evasion
MPRegen 0.73/turn               P - ring of Gutt {rPois Int+7}

@: berserking, silenced, very quick
A: fangs 1, strong nose, distributed training, horns 3, agile 1, clever 1,
passive freeze, sense surroundings 1, regeneration 1, electricity resistance,
acidic bite
}: 2/15 runes: barnacled, slimy
a: Renounce Religion, Evoke Invisibility


You were on level 2 of the Snake Pit.
You worshipped Jiyva.
Jiyva was exalted by your worship.
You visited 6 branches of the dungeon, and saw 30 of its levels.

You collected 1115 gold pieces.
You spent 825 gold pieces at shops.

Inventory:

Hand Weapons
 a - a +4 longbow
 b - the +6 quarterstaff "Nualotej" (weapon) {vamp, rElec rCorr Str+2}
   (You took it off an orc on level 9 of the Dungeon)

   It occasionally heals its wielder for a portion of the damage dealt when it
   wounds a living foe.
   Str:       It affects your strength (+2).
   rElec:     It insulates you from electricity.
   rCorr:     It protects you from acid and corrosion.
 B - a +1 arbalest
Missiles
 H - a curare-tipped dart
 I - 3 poisoned darts
 Q - a throwing net
Armour
 d - a +1 pair of gloves (worn)
 l - a +3 troll leather armour (worn) {Snorg}
 C - the +1 helmet of Egiom {Fly Slay+4}
   (You found it on level 6 of the Dungeon)

   Slay:      It affects your accuracy & damage with ranged weapons and melee
   (+4).
   Fly:       It grants you flight.
 G - a +2 buckler
 L - a +2 pair of boots (worn)
 O - a scarf of resistance
 Y - a scarf of invisibility (worn)
Jewellery
 k - a +4 ring of evasion (left hand)
 m - a +6 ring of dexterity
 o - a +6 ring of strength
 E - a ring of protection from cold
 P - the ring of Gutt (right hand) {rPois Int+7}
   (You found it on level 5 of the Pits of Slime)

   [ring of poison resistance]

   Int:       It affects your intelligence (+7).
   rPois:     It protects you from poison.
 R - the ring of the Piercing Gods {Fly rElec Str+7 Stlth-}
   (You found it on level 5 of the Pits of Slime)

   [ring of flight]

   Str:       It affects your strength (+7).
   rElec:     It insulates you from electricity.
   Fly:       It grants you flight.
   Stlth:     It makes you less stealthy.
 T - a ring of protection from cold
 V - the amulet "Gouf Qiv" (around neck) {Reflect rN+ SH+5}
   (You found it on level 4 of the Shoals)

   [amulet of reflection]

   It reflects blocked missile attacks.
   rN:        It protects you from negative energy.
   SH:        It affects your SH (+5).
Wands
 f - a wand of charming (8)
 q - a wand of iceblast (6)
 M - a wand of polymorph (10)
Scrolls
 g - a scroll of vulnerability
 p - 3 scrolls of fog
 t - a scroll of brand weapon {unknown}
 v - 2 scrolls of magic mapping
 y - 2 scrolls of acquirement {unknown}
 A - 2 scrolls of summoning
 F - a scroll of blinking
 S - 2 scrolls of amnesia {unknown}
Potions
 e - 2 potions of haste
 h - 4 potions of curing
 i - 2 potions of magic
 s - 3 potions of brilliance {unknown}
 u - 2 potions of lignification
 x - a potion of flight {unknown}
 J - a potion of might {unknown}
 K - a potion of degeneration {unknown}
 N - a potion of ambrosia {unknown}
Miscellaneous
 n - a tin of tremorstones (2/2)
 w - a box of beasts (inert)
 U - a condenser vane
 W - a lightning rod (4/4)


   Skills:
 + Level 11.7 Fighting
 + Level 11.4 Short Blades
 + Level 11.4 Long Blades
 + Level 11.4 Axes
 + Level 11.4 Maces & Flails
 + Level 11.4 Polearms
 + Level 11.4 Staves
 + Level 11.4 Slings
 + Level 12.3 Bows
 + Level 11.4 Crossbows
 + Level 15.1 Throwing
 + Level 11.4 Armour
 + Level 12.3 Dodging
 + Level 11.4 Stealth
 + Level 11.4 Shields
 + Level 11.4 Unarmed Combat
 + Level 11.4 Spellcasting
 + Level 9.6 Conjurations
 + Level 9.6 Hexes
 + Level 9.6 Summonings
 + Level 9.6 Necromancy
 + Level 9.6 Translocations
 + Level 9.6 Transmutations
 + Level 9.6 Fire Magic
 + Level 9.6 Ice Magic
 + Level 9.6 Air Magic
 + Level 9.6 Earth Magic
 + Level 9.6 Poison Magic
 + Level 12.4 Invocations
 + Level 11.4 Evocations


You had 7 spell levels left.
You knew the following spells:

 Your Spells              Type           Power      Damage    Failure   Level
a - Ensorcelled Hibernat  Hex/Ice        94%        N/A       1%          2
b - Poisonous Vapours     Pois/Air       94%        N/A       1%          2
c - Static Discharge      Conj/Air       47%        N/A       1%          2
d - Passwall              Tmut/Erth      39%        N/A       1%          2
e - Swiftness             Air            47%        N/A       1%          3
f - Summon Ice Beast      Ice/Summ       47%        N/A       1%          4
g - Fulminant Prism       Conj/Hex       23%        3d13      1%          4
h - Blink                 Tloc           94%        N/A       1%          2
i - Manifold Assault      Tloc           47%        N/A       3%          5
j - Lee's Rapid Deconstr  Erth           23%        3d14*     3%          5

Your spell library contained the following spells:

 Spells                   Type           Power      Damage    Failure   Level
 Foxfire                  Conj/Fire      100%       2x1d9     1%          1
 Magic Dart               Conj           100%       1d8       1%          1
 Sandblast                Erth           94%        2d19      1%          1
 Corpse Rot               Necr/Air       94%        N/A       1%          2
 Searing Ray              Conj           94%        2d7       1%          2
 Wereblood                Tmut           47%        N/A       1%          2
 Call Canine Familiar     Summ           47%        N/A       1%          3
 Ignite Poison            Fire/Tmut/Pois 47%        N/A       1%          3
 Lesser Beckoning         Tloc           47%        N/A       1%          3
 Mephitic Cloud           Conj/Pois/Air  47%        N/A       1%          3
 Stone Arrow              Conj/Erth      94%        3d12      1%          3
 Flame Wave               Conj/Fire      47%        2d10      1%          4
 Iskenderun's Mystic Bla  Conj/Tloc      47%        2d10      1%          4
 Freezing Cloud           Conj/Ice/Air   23%        6-21      3%          5
 Summon Forest            Summ/Tloc      23%        N/A       3%          5
 Malign Gateway           Summ/Tloc      23%        N/A       75%         7


Dungeon Overview and Level Annotations

Branches:
Dungeon (11/15)            Temple (0/1) D:4            Lair (6/6) D:8
 Shoals (4/4) Lair:3        Snake (2/4) Lair:2        Slime (5/5) Lair:6
    Orc (2/2) D:9             Elf (0/3) Orc:2

Altars:
Ashenzari
Cheibriados
Fedhas
Nemelex Xobeh
Qazlal
Ru
Sif Muna
Trog
Vehumet
Xom
Yredelemnul
Zin
Beogh
Jiyva
Lugonu

Shops:
Orc:1 *?   Orc:2 ((=(!=   Shoals:3 =*

Portals:
Abyss: Lair:6

Annotations:
D:8 Maurice
D:10 Sonja
Slime:5 Royal Jelly


Innate Abilities, Weirdness & Mutations

You have very sharp teeth.
Your uncanny sense of smell can sniff out nearby items.
Your experience applies equally to all skills.
You have a pair of large horns on your head.
You are agile. (Dex +2)
Your mind is acute. (Int +2)
A frigid envelope surrounds you and freezes all who hurt you.
You passively map a small area around you.
Your natural rate of healing is unusually fast.
You are resistant to electric shocks. (rElec)
You have acidic saliva.


Message History

You are engulfed in flames!
* * * LOW HITPOINT WARNING * * *
The mana viper misses you.
The salamander mystic hits you with a +0 quarterstaff.
* * * LOW HITPOINT WARNING * * *
You are engulfed in flames!
* * * LOW HITPOINT WARNING * * *
The salamander mystic is frozen!
The salamander mystic is very cold.
The salamander mystic is moderately wounded.
You feel much better.
The salamander hits you from afar with a +0 trident.
* * * LOW HITPOINT WARNING * * *
You are engulfed in flames!
* * * LOW HITPOINT WARNING * * *
The mana viper bites you but does no damage.
The mana viper is very cold.
The mana viper is severely wounded.
The salamander hits you but does no damage.
The salamander mystic completely misses you.
Magic scrolls do not work when you're silenced!
Unknown command.
A red film seems to cover your vision as you go berserk!
You feel yourself moving faster!
You feel mighty! The mana viper completely misses you.
The salamander closely misses you. The mana viper closely misses you.
The salamander mystic completely misses you.
You completely miss the mana viper.
The mana viper is severely wounded.
You block the salamander's attack.
You sock the mana viper!
You feel better.
The mana viper is almost dead.
The mana viper completely misses you.
The salamander hits you from afar with a +0 trident!
* * * LOW HITPOINT WARNING * * *
You are engulfed in flames!
* * * LOW HITPOINT WARNING * * *
The salamander mystic hits you with a +0 quarterstaff!
* * * LOW HITPOINT WARNING * * *
You are engulfed in flames!!
You die...

.######### .........##
..........##
...........#
...........##
............##
...<......#..###
..<........#...###
.......##....H.S@###
....#...##..###.N..###
#.†...#..###.##..N...##
#....##...# #........#
..†........#.^#.).....#
..).....#.....#.......#
......###.....##...#..#
....### ##.[.. #...#..#
.#...#* ##... ##.)# .#


You could see a salamander mystic, a salamander (fast), a mana viper (ally
target) and a friendly mature shockox beast (summoned).

Vanquished Creatures
  2 krakens (Shoals:3)
  Ilsuiw (Shoals:2)
  9 merfolk impalers
  Fannar (D:10)
  4 hydras
  2 naga warriors (Snake:1)
  4 merfolk avatars
  3 boulder beetles
  3 two-headed ogres
  2 ghost crabs (Shoals:4)
  7 anacondas
  Erica (Orc:1)
  A centaur warrior (Shoals:3)
  2 merfolk aquamancers (Shoals:3)
  A satyr (Shoals:4)
  5 death yaks
  5 orc high priests (Orc:2)
  3 thrashing horrors (Lair:6)
  Amaemon (D:9)
  2 spectral merfolk (Shoals:4)
  2 naga ritualists (Snake:1)
  14 sea snakes
  5 orc knights (Orc:1)
  A lindwurm (Lair:6)
  20 harpies
  2 mana vipers (Snake:1)
  A faun (Shoals:3)
  4 ugly things
  An orc sorcerer (Orc:2)
  12 manticores
  5 salamanders
  A spectral alligator snapping turtle (Shoals:4)
  2 cyclopes (Shoals:2)
  17 elephants
  2 naga magi (Snake:1)
  16 black mambas
  7 merfolk sirens
  2 smoke demons (Lair:6)
  A water nymph (Shoals:4)
  A torpor snail (Lair:5)
  An orange demon (D:9)
  9 cane toads
  A gargoyle (D:9)
  A cane toad (shapeshifter) (Lair:6)
  2 rime drakes
  Maggie (D:7)
  An unseen horror (shapeshifter) (Lair:6)
  9 komodo dragons
  An ancient zyme (Lair:6)
  4 wind drakes
  2 polar bears
  4 trolls
  25 merfolk
  2 hornets
  8 snapping turtles
  14 dream sheep
  26 blink frogs
  A large abomination (Lair:6)
  A vampire (D:10)
  8 wyverns
  13 water elementals
  6 basilisks
  3 wraiths
  33 yaks
  3 chaos spawn (Lair:6)
  4 steam dragons
  2 vampire mosquitoes (D:11)
  Menkaure (D:4)
  2 nagas
  An acid dragon (D:9)
  9 water moccasins
  5 wargs
  33 orc warriors
  3 ice beasts
  2 black bears
  13 ogres
  8 wolves
  7 centaurs
  A boggart (D:9)
  A phantom (D:5)
  15 bullfrogs
  5 kobold brigands
  Blork the orc (D:6)
  2 necrophages
  A gnoll sergeant (D:9)
  3 scorpions
  7 wights
  9 small abominations (Lair:6)
  9 killer bees
  A jelly (Orc:1)
  An electric eel (Lair:2)
  2 howler monkeys
  2 hounds
  29 orc priests
  A gnoll shaman (D:7)
  8 iguanas
  16 orc wizards
  5 hell rats (Lair:4)
  6 adders
  4 gnolls (D:7)
  2 shadow imps
  A white imp (D:7)
  An ufetubus (D:6)
  2 worms (D:3)
  A dart slug (D:1)
  87 orcs
  6 ball pythons
  2 bats
  2 endoplasms (D:1)
  A giant cockroach (D:2)
  2 goblins (D:1)
  3 hobgoblins
  A jackal (D:3)
  3 quokkas
  5 kobolds
  2 rats
694 creatures vanquished.

Vanquished Creatures (collateral kills)
  A frost giant (Shoals:4)
  Snorg (D:9)
  A catoblepas (Lair:4)
  An alligator snapping turtle (Shoals:4)
  3 merfolk aquamancers
  3 orc knights
  A manticore (Shoals:4)
  2 water elementals (Shoals:1)
  A spectral snapping turtle (Shoals:4)
  An orc wizard (Orc:2)
15 creatures vanquished.

Vanquished Creatures (others)
  A merfolk avatar (Shoals:2)
  An orc high priest (Orc:2)
  An orc knight (Orc:1)
  A faun (Shoals:2)
  A merfolk siren (Shoals:4)
  A naga mage (Snake:1)
  Psyche (D:10)
  3 slime creatures
  A dream sheep (Shoals:2)
  2 shadows (D:9)
  2 orc warriors
  2 scorpions (D:6)
  A killer bee (D:8)
  122 jellies
  A hound (D:4)
  5 orc priests
  An iguana (D:7)
  An orc wizard (Orc:1)
  3 adders
  An ufetubus (D:7)
  17 orcs
  An endoplasm (D:3)
  A hobgoblin (D:4)
  6 jackals (D:3)
  2 quokkas (D:2)
  5 kobolds (D:11)
  3 fulminant prisms (Lair:6)
  88 fungi
  257 plants
  144 tentacles
  11 withered plants (Shoals:4)
687 creatures vanquished.

Grand Total: 1396 creatures vanquished

Notes
Turn   | Place    | Note
-------+----------+-------------------------------------------
     0 | D:1      | Reached skill level 10 in Throwing
     0 | D:1      | PaleWalker the Gnoll Wanderer began the quest for the Orb.
     0 | D:1      | PaleWalker set off with the following items: a +2 dagger, a
                  | curare-tipped dart, a +0 shortbow, a +0 pair of gloves, a
                  | potion of haste, a +0 leather armour
     0 | D:1      | Reached XP level 1. HP: 17/17 MP: 1/1
    94 | D:1      | Reached XP level 2. HP: 4/23 MP: 2/2
   694 | D:1      | Found a faded altar of an unknown god.
   711 | D:1      | Prayed at the altar of an unknown god.
   711 | D:1      | Became a worshipper of Jiyva Joxel the Shapeless
   711 | D:1      | Reached * piety under Jiyva
   989 | D:2      | Reached XP level 3. HP: 28/28 MP: 3/3
  1012 | D:2      | You fall into a shaft and drop 1 floor!
  1027 | D:3      | Reached skill level 1 in Invocations
  1092 | D:3      | Reached ** piety under Jiyva
  1189 | D:3      | Got Sif Muna's Reference Book on Supportive Ignition
  1330 | D:3      | Reached skill level 1 in Short Blades
  1330 | D:3      | Reached skill level 1 in Long Blades
  1330 | D:3      | Reached skill level 1 in Axes
  1330 | D:3      | Reached skill level 1 in Maces & Flails
  1330 | D:3      | Reached skill level 1 in Polearms
  1330 | D:3      | Reached skill level 1 in Staves
  1330 | D:3      | Reached skill level 1 in Slings
  1330 | D:3      | Reached skill level 1 in Crossbows
  1330 | D:3      | Reached skill level 1 in Armour
  1330 | D:3      | Reached skill level 1 in Stealth
  1330 | D:3      | Reached skill level 1 in Shields
  1330 | D:3      | Reached skill level 1 in Unarmed Combat
  1330 | D:3      | Reached skill level 1 in Spellcasting
  1330 | D:3      | Reached skill level 1 in Evocations
  1371 | D:3      | Reached XP level 4. HP: 34/34 MP: 5/5
  1447 | D:3      | Reached *** piety under Jiyva
  1633 | D:3      | Found a sacrificial altar of Ru.
  1685 | D:3      | Gained mutation: Your body has grown eyes which may confuse
                  | attackers. (Acc +3) [Jiyva's grace]
  1685 | D:3      | Gained mutation: Your body has grown many eyes which may
                  | confuse attackers. (Acc +5) [Jiyva's grace]
  1685 | D:3      | Gained mutation: Your body is covered in eyes which may
                  | confuse attackers. (Acc +7, SInv) [Jiyva's grace]
  1685 | D:3      | Gained mutation: Your mind is acute. (Int +2) [Jiyva's
                  | grace]
  1830 | D:4      | Noticed Menkaure
  1836 | D:4      | Killed Menkaure
  1837 | D:4      | Reached skill level 1 in Conjurations
  1837 | D:4      | Reached skill level 1 in Hexes
  1837 | D:4      | Reached skill level 1 in Summonings
  1837 | D:4      | Reached skill level 1 in Necromancy
  1837 | D:4      | Reached skill level 1 in Translocations
  1837 | D:4      | Reached skill level 1 in Transmutations
  1837 | D:4      | Reached skill level 1 in Fire Magic
  1837 | D:4      | Reached skill level 1 in Ice Magic
  1837 | D:4      | Reached skill level 1 in Air Magic
  1837 | D:4      | Reached skill level 1 in Earth Magic
  1837 | D:4      | Reached skill level 1 in Poison Magic
  1837 | D:4      | Reached XP level 5. HP: 16/41 MP: 5/7
  1876 | D:4      | Found a bloodstained altar of Trog.
  1887 | D:4      | Reached XP level 6. HP: 47/47 MP: 8/8
  2005 | D:4      | Noticed a steam dragon
  2021 | D:4      | Killed a steam dragon
  2022 | D:4      | Reached skill level 5 in Bows
  2022 | D:4      | Reached skill level 5 in Dodging
  2136 | D:4      | Found a staircase to the Ecumenical Temple.
  2407 | D:5      | Entered Level 5 of the Dungeon
  2407 | D:5      | Reached **** piety under Jiyva
  2417 | D:5      | Reached XP level 7. HP: 48/52 MP: 10/10
  2476 | D:5      | Found a snail-covered altar of Cheibriados.
  2491 | D:5      | Found a basalt altar of Yredelemnul.
  2784 | D:5      | Found a shimmering blue altar of Sif Muna.
  2832 | D:5      | Found a radiant altar of Vehumet.
  2855 | D:5      | Found a stormy altar of Qazlal.
  2856 | D:5      | Found a blossoming altar of Fedhas.
  3002 | D:5      | Found a broken altar of Ashenzari.
  3130 | D:6      | Reached XP level 8. HP: 60/60 MP: 12/12
  3182 | D:6      | Noticed Blork the orc
  3190 | D:6      | Killed Blork the orc
  3209 | D:6      | Got the Incunabulum of Hurtful Flight
  3221 | D:6      | Noticed a wraith
  3245 | D:6      | Killed a wraith
  3246 | D:6      | Reached skill level 11 in Throwing
  3425 | D:6      | Found a shimmering altar of Xom.
  3506 | D:5      | Reached XP level 9. HP: 66/66 MP: 14/14
  3588 | D:6      | Identified the +1 helmet of Egiom {Fly Slay+4}
  3638 | D:6      | Noticed a cyclops
  3661 | D:6      | Slimified a cyclops
  3661 | D:6      | a cyclops changed into a slime creature
  3927 | D:7      | Reached skill level 5 in Fighting
  4103 | D:7      | Gained mutation: You are resistant to electric shocks.
                  | (rElec) [Jiyva's grace]
  4103 | D:7      | Gained mutation: Your mind is very acute. (Int +4) [Jiyva's
                  | grace]
  4103 | D:7      | Gained mutation: You have acidic saliva. [Jiyva's grace]
  4103 | D:7      | Gained mutation: You are agile. (Dex +2) [Jiyva's grace]
  4454 | D:7      | Noticed Maggie
  4477 | D:7      | Killed Maggie
  4769 | D:8      | Noticed Maurice
  4858 | D:8      | Reached skill level 5 in Invocations
  4888 | D:8      | Found a staircase to the Lair.
  5252 | D:8      | Reached ***** piety under Jiyva
  5601 | D:9      | Reached XP level 10. HP: 74/74 MP: 17/17
  5604 | D:9      | Learned a level 2 spell: Ensorcelled Hibernation
  5607 | D:9      | Learned a level 2 spell: Poisonous Vapours
  5610 | D:9      | Learned a level 2 spell: Static Discharge
  5770 | D:9      | Reached skill level 5 in Short Blades
  5770 | D:9      | Reached skill level 5 in Long Blades
  5770 | D:9      | Reached skill level 5 in Axes
  5770 | D:9      | Reached skill level 5 in Maces & Flails
  5770 | D:9      | Reached skill level 5 in Polearms
  5770 | D:9      | Reached skill level 5 in Staves
  5770 | D:9      | Reached skill level 5 in Slings
  5770 | D:9      | Reached skill level 5 in Crossbows
  5770 | D:9      | Reached skill level 5 in Armour
  5770 | D:9      | Reached skill level 5 in Stealth
  5770 | D:9      | Reached skill level 5 in Shields
  5770 | D:9      | Reached skill level 5 in Unarmed Combat
  5770 | D:9      | Reached skill level 5 in Spellcasting
  5770 | D:9      | Reached skill level 5 in Evocations
  5827 | D:9      | Noticed a brown ugly thing
  5869 | D:9      | Killed a brown ugly thing
  5885 | D:9      | Noticed an orange demon
  5919 | D:9      | Killed an orange demon
  6005 | D:9      | Found a glowing silver altar of Zin.
  6010 | D:9      | Found a sparkling altar of Nemelex Xobeh.
  6042 | D:9      | Noticed a gargoyle
  6052 | D:9      | Identified the +6 quarterstaff "Nualotej" {vamp, rElec
                  | rCorr Str+2}
  6055 | D:9      | Reached XP level 11. HP: 83/83 MP: 19/19
  6071 | D:9      | Reached skill level 12 in Throwing
  6120 | D:9      | Got Feimn's Disquisition on Moulding and the Escort
  6142 | D:9      | Reached skill level 5 in Conjurations
  6142 | D:9      | Reached skill level 5 in Hexes
  6142 | D:9      | Reached skill level 5 in Summonings
  6142 | D:9      | Reached skill level 5 in Necromancy
  6142 | D:9      | Reached skill level 5 in Translocations
  6142 | D:9      | Reached skill level 5 in Transmutations
  6142 | D:9      | Reached skill level 5 in Fire Magic
  6142 | D:9      | Reached skill level 5 in Ice Magic
  6142 | D:9      | Reached skill level 5 in Air Magic
  6142 | D:9      | Reached skill level 5 in Earth Magic
  6142 | D:9      | Reached skill level 5 in Poison Magic
  6145 | D:9      | Learned a level 2 spell: Passwall
  6149 | D:9      | Learned a level 3 spell: Swiftness
  6165 | D:9      | Lost mutation: You are agile. (Dex +2) [Jiyva's grace]
  6165 | D:9      | Lost mutation: You are resistant to electric shocks.
                  | (rElec) [Jiyva's grace]
  6165 | D:9      | Lost mutation: Your body is covered in eyes which may
                  | confuse attackers. (Acc +7, SInv) [Jiyva's grace]
  6165 | D:9      | Gained mutation: Armour fits poorly on your pseudopods.
                  | [Jiyva's grace]
  6165 | D:9      | Gained mutation: Armour fits poorly on your large
                  | pseudopods. [Jiyva's grace]
  6165 | D:9      | Gained mutation: Armour fits poorly on your massive
                  | pseudopods. [Jiyva's grace]
  6165 | D:9      | Gained mutation: You passively map a small area around you.
                  | [Jiyva's grace]
  6229 | D:9      | Noticed Amaemon
  6239 | D:9      | Killed Amaemon
  6304 | D:9      | Found a staircase to the Orcish Mines.
  6507 | D:10     | Entered Level 10 of the Dungeon
  6507 | D:10     | Noticed Snorg
  6541 | D:10     | Noticed Fannar
  6599 | D:9      | Killed Snorg
  6666 | D:10     | Noticed a two-headed ogre
  6673 | D:10     | Killed a two-headed ogre
  6836 | D:10     | Noticed Sonja
  6839 | D:10     | Noticed Sonja
  6839 | D:10     | Sonja changed into Sonja the golden eye
  6844 | D:10     | Killed Psyche
  6876 | D:10     | Was placed under penance by Jiyva
  7067 | D:11     | Was forgiven by Jiyva
  7123 | D:11     | Noticed a five-headed hydra
  7144 | D:11     | Killed a five-headed hydra
  7327 | D:11     | Noticed a boulder beetle
  7341 | D:11     | Killed a boulder beetle
  7342 | D:11     | Reached XP level 12. HP: 84/91 MP: 22/22
  7394 | D:11     | Noticed a two-headed ogre
  7401 | D:11     | Killed a two-headed ogre
  7438 | D:11     | Noticed a two-headed ogre
  7439 | D:11     | Noticed a two-headed ogre
  7501 | D:11     | Slimified a two-headed ogre
  7501 | D:11     | a two-headed ogre changed into a slime creature
  7515 | D:11     | Killed a two-headed ogre
  7685 | D:11     | Lost mutation: You passively map a small area around you.
                  | [Jiyva's grace]
  7685 | D:11     | Gained mutation: You are resistant to electric shocks.
                  | (rElec) [Jiyva's grace]
  7685 | D:11     | Gained mutation: You are somewhat resistant to further
                  | mutation. [Jiyva's grace]
  7685 | D:11     | Gained mutation: You are somewhat resistant to both further
                  | mutation and mutation removal. [Jiyva's grace]
  7685 | D:11     | Gained mutation: You are almost entirely resistant to
                  | further mutation and mutation removal. [Jiyva's grace]
  7721 | D:11     | Noticed a boulder beetle
  7751 | D:11     | Killed a boulder beetle
  8225 | D:10     | Killed Fannar
  8404 | Orc:1    | Entered Level 1 of the Orcish Mines
  8505 | Orc:1    | Noticed Erica
  8514 | Orc:1    | Killed Erica
  8527 | Orc:1    | Found Fuxuithruyj's Magic Scroll Emporium.
  8532 | Orc:1    | Bought a scroll of enchant weapon for 105 gold pieces
  8605 | Orc:2    | Entered Level 2 of the Orcish Mines
  8684 | Orc:2    | Found Jawnaust's Antique Weapon Emporium.
  8778 | Orc:2    | Found a staircase to the Elven Halls.
  8798 | Orc:2    | Found Dipioj's Jewellery Emporium.
  9094 | Orc:1    | Found Zuaragyh's Overcharged Wands.
  9318 | Orc:2    | Noticed an orc high priest
  9363 | Orc:2    | Killed an orc high priest
  9538 | Orc:2    | Reached XP level 13. HP: 84/98 MP: 24/24
  9596 | Orc:2    | Reached skill level 13 in Throwing
  9980 | Orc:2    | Found Jepha's Distillery.
  9980 | Orc:2    | Found Bait Jaq's Antique Weapon Emporium.
  9981 | Orc:2    | Found Dudirghudgh's Jewellery Shoppe.
  9981 | Orc:2    | Found Luduos's Antique Weapon Emporium.
 10102 | Orc:2    | Reached ****** piety under Jiyva
 10188 | Orc:2    | Noticed an orc warlord
 10202 | Orc:2    | Slimified an orc warlord
 10202 | Orc:2    | Noticed an azure jelly
 10202 | Orc:2    | an orc warlord changed into an azure jelly
 10262 | Orc:2    | Lost mutation: You are almost entirely resistant to further
                  | mutation and mutation removal. [Jiyva's grace]
 10262 | Orc:2    | Lost mutation: Your body has grown many eyes which may
                  | confuse attackers. (Acc +5) [Jiyva's grace]
 10262 | Orc:2    | Lost mutation: Armour fits poorly on your massive
                  | pseudopods. [Jiyva's grace]
 10262 | Orc:2    | Gained mutation: You are covered in slimy tendrils that may
                  | disarm your opponents. [Jiyva's grace]
 10262 | Orc:2    | Gained mutation: You have sharp toenails. [Jiyva's grace]
 10262 | Orc:2    | Gained mutation: You have razor-sharp toenails. [Jiyva's
                  | grace]
 10262 | Orc:2    | Gained mutation: You have claws for feet. [Jiyva's grace]
 10767 | Lair:1   | Entered Level 1 of the Lair of Beasts
 10914 | Lair:1   | Learned a level 4 spell: Summon Ice Beast
 11445 | Lair:2   | Lost mutation: Your mind is very acute. (Int +4) [Jiyva's
                  | grace]
 11445 | Lair:2   | Lost mutation: You are somewhat resistant to both further
                  | mutation and mutation removal. [Jiyva's grace]
 11445 | Lair:2   | Lost mutation: Your body has grown eyes which may confuse
                  | attackers. (Acc +3) [Jiyva's grace]
 11445 | Lair:2   | Lost mutation: Armour fits poorly on your large pseudopods.
                  | [Jiyva's grace]
 11445 | Lair:2   | Lost mutation: You are covered in slimy tendrils that may
                  | disarm your opponents. [Jiyva's grace]
 11445 | Lair:2   | Gained mutation: Your melee attacks may engulf your foes in
                  | ooze. [Jiyva's grace]
 11445 | Lair:2   | Gained mutation: You have a pair of small horns on your
                  | head. [Jiyva's grace]
 11445 | Lair:2   | Gained mutation: You have a pair of horns on your head.
                  | [Jiyva's grace]
 11445 | Lair:2   | Gained mutation: You have a pair of large horns on your
                  | head. [Jiyva's grace]
 11600 | Lair:2   | Found a staircase to the Snake Pit.
 12720 | Lair:3   | Reached skill level 10 in Bows
 12720 | Lair:3   | Reached skill level 10 in Dodging
 12738 | Lair:3   | Reached XP level 14. HP: 108/108 MP: 26/26
 12761 | Lair:3   | Found a staircase to the Shoals.
 12780 | Lair:3   | Lost mutation: You have a pair of large horns on your head.
                  | [Jiyva's grace]
 12780 | Lair:3   | Lost mutation: You have a pair of horns on your head.
                  | [Jiyva's grace]
 12780 | Lair:3   | Lost mutation: You have claws for feet. [Jiyva's grace]
 12780 | Lair:3   | Lost mutation: Your mind is acute. (Int +2) [Jiyva's grace]
 12780 | Lair:3   | Gained mutation: You passively map a small area around you.
                  | [Jiyva's grace]
 12780 | Lair:3   | Gained mutation: You passively map the area around you.
                  | [Jiyva's grace]
 12780 | Lair:3   | Gained mutation: You passively map a large area around you.
                  | [Jiyva's grace]
 12780 | Lair:3   | Lost mutation: You have razor-sharp toenails. [Jiyva's
                  | grace]
 12780 | Lair:3   | Lost mutation: You have sharp toenails. [Jiyva's grace]
 12780 | Lair:3   | Gained mutation: You have large cloven feet. [Jiyva's
                  | grace]
 12925 | Lair:3   | Found a radiant altar of Vehumet.
 13408 | Lair:4   | Identified the +5 flail "Rauluru" {freeze, rF+}
 14311 | Lair:5   | Lost mutation: You passively map a large area around you.
                  | [Jiyva's grace]
 14311 | Lair:5   | Lost mutation: Your melee attacks may engulf your foes in
                  | ooze. [Jiyva's grace]
 14311 | Lair:5   | Gained mutation: Your flesh is cold resistant. (rC+)
                  | [Jiyva's grace]
 14311 | Lair:5   | Gained mutation: Your flesh is very cold resistant. (rC++)
                  | [Jiyva's grace]
 14311 | Lair:5   | Gained mutation: Your flesh is almost immune to the effects
                  | of cold. (rC+++) [Jiyva's grace]
 14311 | Lair:5   | Gained mutation: A frigid envelope surrounds you and
                  | freezes all who hurt you. [Jiyva's grace]
 14683 | Lair:5   | Reached skill level 10 in Invocations
 15390 | Lair:6   | Entered Level 6 of the Lair of Beasts
 15695 | Lair:6   | Found a staircase to the Slime Pits.
 15710 | Slime:1  | Entered Level 1 of the Pits of Slime
 15710 | Slime:1  | Noticed a quicksilver ooze
 15750 | Slime:1  | Noticed an acid blob
 15769 | Slime:1  | Noticed an acid blob
 15869 | Slime:1  | Noticed a quicksilver ooze
 15989 | Slime:2  | Noticed an acid blob
 16008 | Slime:2  | Noticed a rockslime
 16024 | Slime:2  | Noticed a rockslime
 16038 | Slime:2  | Noticed an azure jelly
 16067 | Slime:2  | Noticed an acid blob
 16154 | Slime:2  | Noticed an acid blob
 16218 | Slime:3  | Noticed a quicksilver ooze
 16301 | Slime:3  | Noticed an azure jelly
 16379 | Slime:3  | Noticed an azure jelly
 16388 | Slime:3  | Noticed an azure jelly
 16496 | Slime:3  | Noticed an acid blob
 16570 | Slime:4  | Noticed an acid blob
 16571 | Slime:4  | Noticed an azure jelly
 16644 | Slime:4  | Noticed an azure jelly
 16763 | Slime:4  | Noticed an azure jelly
 16776 | Slime:5  | Entered Level 5 of the Pits of Slime
 16776 | Slime:5  | Noticed an azure jelly
 16805 | Slime:5  | Noticed a rockslime
 16811 | Slime:5  | Noticed an acid blob
 16858 | Slime:5  | Noticed an azure jelly
 16861 | Slime:5  | Noticed an acid blob
 16875 | Slime:5  | Noticed an acid blob
 16908 | Slime:5  | Noticed a rockslime
 16916 | Slime:5  | Noticed an acid blob
 16959 | Slime:5  | Noticed an acid blob
 16959 | Slime:5  | Noticed an acid blob
 16961 | Slime:5  | Noticed a quicksilver ooze
 16961 | Slime:5  | Noticed a rockslime
 16962 | Slime:5  | Found a viscous altar of Jiyva.
 16964 | Slime:5  | Noticed an acid blob
 16969 | Slime:5  | Identified the ring of Gutt {rPois Int+7}
 16974 | Slime:5  | Noticed an acid blob
 16974 | Slime:5  | Noticed an acid blob
 16981 | Slime:5  | Identified the +9 dagger of Upheaval {drain, rF++ rCorr}
 16990 | Slime:5  | Identified the ring of the Piercing Gods {Fly rElec Str+7
                  | Stlth-}
 16999 | Slime:5  | Got a slimy rune of Zot
 17008 | Slime:5  | Identified the +2 great sword of Ruination {vorpal, Will+}
 17026 | Slime:5  | Noticed the Royal Jelly
 17041 | Slime:5  | Noticed a rockslime
 17054 | Slime:5  | Noticed a quicksilver ooze
 17211 | Slime:2  | Noticed an azure jelly
 17390 | Lair:6   | Lost mutation: You have a pair of small horns on your head.
                  | [Jiyva's grace]
 17390 | Lair:6   | Gained mutation: You are strong-willed. (Will+) [Jiyva's
                  | grace]
 17390 | Lair:6   | Gained mutation: You are highly strong-willed. (Will++)
                  | [Jiyva's grace]
 17390 | Lair:6   | Gained mutation: You are extremely strong-willed. (Will+++)
                  | [Jiyva's grace]
 17390 | Lair:6   | Lost mutation: You are somewhat resistant to further
                  | mutation. [Jiyva's grace]
 17390 | Lair:6   | Gained mutation: You have hidden genetic potential.
                  | [Jiyva's grace]
 17677 | Lair:6   | Learned a level 4 spell: Fulminant Prism
 17691 | Lair:6   | Reached skill level 10 in Fighting
 17819 | Lair:6   | Reached skill level 14 in Throwing
 17835 | Lair:6   | Reached XP level 15. HP: 103/115 MP: 28/28
 18127 | Lair:6   | Found a corrupted altar of Lugonu.
 18127 | Lair:6   | Found a one-way gate to the infinite horrors of the Abyss.
 18407 | Shoals:1 | Entered Level 1 of the Shoals
 18628 | Shoals:1 | Reached skill level 10 in Short Blades
 18628 | Shoals:1 | Reached skill level 10 in Long Blades
 18628 | Shoals:1 | Reached skill level 10 in Axes
 18628 | Shoals:1 | Reached skill level 10 in Maces & Flails
 18628 | Shoals:1 | Reached skill level 10 in Polearms
 18628 | Shoals:1 | Reached skill level 10 in Staves
 18628 | Shoals:1 | Reached skill level 10 in Slings
 18628 | Shoals:1 | Reached skill level 10 in Crossbows
 18628 | Shoals:1 | Reached skill level 10 in Armour
 18628 | Shoals:1 | Reached skill level 10 in Stealth
 18628 | Shoals:1 | Reached skill level 10 in Shields
 18628 | Shoals:1 | Reached skill level 10 in Unarmed Combat
 18628 | Shoals:1 | Reached skill level 10 in Spellcasting
 18628 | Shoals:1 | Reached skill level 10 in Evocations
 18724 | Shoals:1 | Found a blossoming altar of Fedhas.
 19307 | Shoals:2 | Lost mutation: You have large cloven feet. [Jiyva's grace]
 19307 | Shoals:2 | Lost mutation: Your flesh is almost immune to the effects
                  | of cold. (rC+++) [Jiyva's grace]
 19307 | Shoals:2 | Lost mutation: You are extremely strong-willed. (Will+++)
                  | [Jiyva's grace]
 19307 | Shoals:2 | Lost mutation: You passively map the area around you.
                  | [Jiyva's grace]
 19307 | Shoals:2 | Lost mutation: Armour fits poorly on your pseudopods.
                  | [Jiyva's grace]
 19307 | Shoals:2 | Gained mutation: Your natural rate of healing is unusually
                  | fast. [Jiyva's grace]
 19307 | Shoals:2 | Gained mutation: You heal very quickly. [Jiyva's grace]
 19307 | Shoals:2 | Gained mutation: You regenerate. [Jiyva's grace]
 19307 | Shoals:2 | Gained mutation: You are partially covered in iridescent
                  | scales. (AC +2) [Jiyva's grace]
 19826 | Shoals:2 | Gained mutation: You are agile. (Dex +2) [hidden potential]
 20436 | Shoals:3 | Noticed Ilsuiw
 20654 | Shoals:3 | Found Pyhopy's One-of-a-Kind Rings.
 20773 | Shoals:3 | Noticed a kraken
 20912 | Shoals:2 | Killed Ilsuiw
 21129 | Shoals:3 | Noticed a kraken
 21346 | Shoals:3 | Killed a kraken
 21362 | Shoals:3 | Reached XP level 16. HP: 124/124 MP: 30/30
 21463 | Shoals:3 | Learned a level 2 spell: Blink
 21469 | Shoals:3 | Learned a level 5 spell: Manifold Assault
 21727 | Shoals:3 | Killed a kraken
 21779 | Shoals:3 | Found Cniez's Commerce Corner.
 21787 | Shoals:3 | Bought a condenser vane for 720 gold pieces
 21856 | Shoals:3 | Learned a level 5 spell: Lee's Rapid Deconstruction
 22066 | Shoals:4 | Entered Level 4 of the Shoals
 22252 | Shoals:4 | Identified the amulet "Gouf Qiv" {Reflect rN+ SH+5}
 22647 | Shoals:4 | Lost mutation: You are partially covered in iridescent
                  | scales. (AC +2) [Jiyva's grace]
 22647 | Shoals:4 | Lost mutation: Your flesh is very cold resistant. (rC++)
                  | [Jiyva's grace]
 22647 | Shoals:4 | Lost mutation: Your flesh is cold resistant. (rC+) [Jiyva's
                  | grace]
 22647 | Shoals:4 | Lost mutation: You are highly strong-willed. (Will++)
                  | [Jiyva's grace]
 22647 | Shoals:4 | Lost mutation: You are strong-willed. (Will+) [Jiyva's
                  | grace]
 22647 | Shoals:4 | Lost mutation: You regenerate. [Jiyva's grace]
 22647 | Shoals:4 | Lost mutation: You heal very quickly. [Jiyva's grace]
 22647 | Shoals:4 | Lost mutation: You have acidic saliva. [Jiyva's grace]
 22647 | Shoals:4 | Gained mutation: You have acidic saliva. [Jiyva's grace]
 22647 | Shoals:4 | Gained mutation: You have a pair of small horns on your
                  | head. [Jiyva's grace]
 22647 | Shoals:4 | Gained mutation: You have a pair of horns on your head.
                  | [Jiyva's grace]
 22647 | Shoals:4 | Gained mutation: You have a pair of large horns on your
                  | head. [Jiyva's grace]
 22714 | Shoals:4 | Gained mutation: Your mind is acute. (Int +2) [hidden
                  | potential]
 22714 | Shoals:4 | Lost mutation: You have hidden genetic potential. [hidden
                  | potential expressed]
 23567 | Shoals:4 | Reached skill level 15 in Throwing
 23586 | Shoals:4 | Got a barnacled rune of Zot
 23741 | Snake:1  | Entered Level 1 of the Snake Pit
 24434 | Snake:1  | Reached XP level 17. HP: 132/132 MP: 32/32
 25349 | Snake:2  | Slain by a salamander mystic

Illustrated notes

Levels and vault maps discovered:
D:1:      minmay_arrival_floating_metal, layout_basic,
          shapermc_ecumenical_altar_ellora, dreamdust_mushroom_princess
D:2:      layout_rooms
D:3:      layout_basic, mainiacjoe_overflow_alcove_4
D:4:      layout_basic, nicolae_overflow_hidden_temple,
          minmay_temple_entry_tees, uniq_menkaure
D:5:      layout_loops_ring, grunt_temple_overflow_forces_of_nature,
          yredelemnul_altar_generic, mainiacjoe_overflow_catwalk_spiral,
          mainiacjoe_overflow_catch_the_wave
D:6:      layout_cave_pools, xom_confusion_cloud, minmay_three_doors,
          uniq_blork_the_orc
D:7:      layout_layer_cave, grunt_ministairs_14, uniq_maggie
D:8:      layout_basic, beargit_hepliaklqana_dungeon_heroes, lair_entry_dummy,
          uniq_maurice
D:9:      cheibrodos_barr_body, layout_basic, grunt_temple_overflow_open,
          orc_0_dummy, special_room [special_room_orc], minmay_radiant,
          uniq_amaemon
D:10:     layout_cave_pools, uniq_snorg, uniq_sonja, uniq_psyche, uniq_fannar
D:11:     layout_stronghold, serial_column_ruins, column_ruins_pillar_9,
          column_ruins_pillar_4, column_ruins_pillar_7, column_ruins_pillar_1,
          column_ruins_pillar_1, column_ruins_pillar_6, column_ruins_pillar_1,
          column_ruins_pillar_3, column_ruins_pillar_11, column_ruins_pillar_5,
          column_ruins_pillar_7, column_ruins_pillar_7, column_ruins_pillar_6,
          column_ruins_pillar_1, column_ruins_pillar_1, column_ruins_pillar_9,
          column_ruins_pillar_2
Lair:1:   layout_regular_city
Lair:2:   layout_regular_city, dummy_snake_entry, nicolae_lair_grazing_beasts
          [nicolae_sub_lair_graze_edge, nicolae_sub_lair_graze_edge,
          nicolae_sub_lair_graze_edge, nicolae_sub_lair_graze_edge],
          serial_bayou_shore_b
Lair:3:   layout_loops_ring, elwin_shoals_entry_rocks, basic_altar,
          infiniplex_staircase_pool_2
Lair:4:   layout_small_grid
Lair:5:   nzn_winding_woodlands_cross [nzn_winding_woodlands_5x15_lazy_stream,
          nzn_winding_woodlands_5x15_split_checker,
          nzn_winding_woodlands_5x15_jagged,
          nzn_winding_woodlands_5x15_sidewinder,
          nzn_winding_woodlands_15x15_boxy_spiral], layout_layer_cave
Lair:6:   hellmonk_lair_end_abyssal_woods, layout_big_grid,
          minmay_slime_entry_pillars, grunt_megastairs_5
Shoals:1: layout_shoals, lemuel_centaur_altar
Shoals:2: layout_shoals
Shoals:3: layout_shoals, nicolae_shoals_cliffside_cave, nicolae_alphabet_shops,
          nicolae_shop_unique_rings, uniq_ilsuiw
Shoals:4: shoals_end_grunt_ice, layout_shoals, nicolae_shoals_spectral_cove
Snake:1:  layout_layer_cave
Snake:2:  layout_onion_interference, serial_bayou_shore_a
Slime:1:  layout_caves
Slime:2:  layout_caves
Slime:3:  layout_caves, nicolae_slime_ancient_tower_intersection
Slime:4:  layout_caves
Slime:5
Orc:1:    layout_caves, serial_shops, nicolae_shop_hallway_plus,
          nicolae_shop_overcharged_wands, uniq_erica
Orc:2:    st_orc_pillars, layout_caves, serial_shops,
          nicolae_shop_competitors_out_of_business, nicolae_shop_stone,
          minmay_orc_temple_c

Skill      XL: |  1  2  3  4  5  6  7  8  9 10 11 12 13 14 15 16 |
---------------+-------------------------------------------------+-----
Throwing       | 11 12 13 14 15 | 15.1
Invocations    | 1 2 3 4 5 6 7 8 9 10 11 12 | 12.4
Short Blades   | 1 2 3 4 5 6 7 8 9 10 11 | 11.4
Long Blades    | 1 2 3 4 5 6 7 8 9 10 11 | 11.4
Axes           | 1 2 3 4 5 6 7 8 9 10 11 | 11.4
Maces & Flails | 1 2 3 4 5 6 7 8 9 10 11 | 11.4
Polearms       | 1 2 3 4 5 6 7 8 9 10 11 | 11.4
Staves         | 1 2 3 4 5 6 7 8 9 10 11 | 11.4
Slings         | 1 2 3 4 5 6 7 8 9 10 11 | 11.4
Crossbows      | 1 2 3 4 5 6 7 8 9 10 11 | 11.4
Armour         | 1 2 3 4 5 6 7 8 9 10 11 | 11.4
Stealth        | 1 2 3 4 5 6 7 8 9 10 11 | 11.4
Shields        | 1 2 3 4 5 6 7 8 9 10 11 | 11.4
Unarmed Combat | 1 2 3 4 5 6 7 8 9 10 11 | 11.4
Spellcasting   | 1 2 3 4 5 6 7 8 9 10 11 | 11.4
Evocations     | 1 2 3 4 5 6 7 8 9 10 11 | 11.4
Fighting       | 3 4 5 6 7 8 9 10 11 | 11.7
Conjurations   | 1 2 3 4 5 6 7 8 9 |  9.6
Hexes          | 1 2 3 4 5 6 7 8 9 |  9.6
Summonings     | 1 2 3 4 5 6 7 8 9 |  9.6
Necromancy     | 1 2 3 4 5 6 7 8 9 |  9.6
Translocations | 1 2 3 4 5 6 7 8 9 |  9.6
Transmutations | 1 2 3 4 5 6 7 8 9 |  9.6
Fire Magic     | 1 2 3 4 5 6 7 8 9 |  9.6
Ice Magic      | 1 2 3 4 5 6 7 8 9 |  9.6
Air Magic      | 1 2 3 4 5 6 7 8 9 |  9.6
Earth Magic    | 1 2 3 4 5 6 7 8 9 |  9.6
Poison Magic   | 1 2 3 4 5 6 7 8 9 |  9.6
Bows           | 5 6 7 8 9 10 11 12 | 12.3
Dodging        | 5 6 7 8 9 10 11 12 | 12.3

Action                   |  1- 3 |  4- 6 |  7- 9 | 10-12 | 13-15 | 16-18 || total
-------------------------+-------+-------+-------+-------+-------+-------++-------
Melee: Unarmed           |       |       |    12 |       |       |       ||    12
       Dagger            |       |       |     4 |       |       |       ||     4
       Bite              |       |       |     1 |     3 |    69 |    59 ||   132
       Arbalest          |       |       |     1 |     2 |     1 |       ||     4
       Quarterstaff      |       |       |       |     7 |   374 |   358 ||   739
       Pseudopods        |       |       |       |     4 |    82 |       ||    86
       Headbutt          |       |       |       |       |    91 |    83 ||   174
       Kick              |       |       |       |       |     6 |       ||     6
 Fire: Shortbow          |    67 |    48 |   238 |       |       |       ||   353
       Arbalest          |       |       |    98 |   565 |  1310 |   199 ||  2172
       Longbow           |       |       |       |       |       |   234 ||   234
Throw: Dart              |       |       |     1 |     1 |     1 |       ||     3
 Cast: Poisonous Vapours |       |       |       |     4 |       |       ||     4
       Static Discharge  |       |       |       |    10 |       |       ||    10
       Ensorcelled Hiber |       |       |       |     1 |     6 |       ||     7
       Summon Ice Beast  |       |       |       |       |     2 |     2 ||     4
       Fulminant Prism   |       |       |       |       |     3 |       ||     3
       Swiftness         |       |       |       |       |     1 |       ||     1
       Blink             |       |       |       |       |       |     3 ||     3
       Manifold Assault  |       |       |       |       |       |     2 ||     2
       Lee's Rapid Decon |       |       |       |       |       |     1 ||     1
Invok: Oozemancy         |       |       |     1 |     1 |     3 |       ||     5
       Slimify           |       |       |     1 |     2 |     1 |       ||     4
 Abil: Evoke Invisibilit |       |       |       |       |       |     1 ||     1
Evoke: Wand              |       |       |     2 |     2 |     2 |       ||     6
       Box of beasts     |       |       |       |       |       |     2 ||     2
       Condenser vane    |       |       |       |       |       |     1 ||     1
  Use: Scroll            |       |       |     5 |     3 |     6 |     8 ||    22
       Potion            |       |       |       |     3 |     4 |     2 ||     9
 Stab: Invisible         |       |       |       |       |       |     2 ||     2
       Distracted        |       |       |       |       |       |     1 ||     1
       Sleeping          |       |       |       |       |       |     1 ||     1
Armor: Leather armour    |     7 |       |       |       |       |       ||     7
       Ring mail         |     2 |     2 |       |       |       |       ||     4
       Steam dragon scal |       |     1 |    37 |    15 |       |       ||    53
       Troll leather arm |       |       |       |    75 |   284 |   141 ||   500
Dodge: Dodged            |    30 |    26 |   188 |   485 |  1260 |   725 ||  2714
Block: Other             |       |       |    30 |   129 |   293 |   154 ||   606
       Reflection        |       |       |       |       |    12 |     4 ||    16

Table legend: (Time is in decaauts)
 A = Elapsed time spent in this place.
 B = Non-inter-level travel time spent in this place.
 C = Inter-level travel time spent in this place.
 D = Time resting spent in this place.
 E = Time spent auto-exploring this place.
 F = Levels seen in this place.
 G = Mean time per level.
                   A        B        C        D        E       F      G
               +--------+--------+--------+--------+--------+-----+--------+
         Total |  26373 |  24753 |   1620 |   1031 |  15225 |  30 |  879.1 |
       Dungeon |   8938 |   8334 |    604 |    160 |   6095 |  11 |  812.5 |
          Lair |   6301 |   6001 |    300 |    253 |   4183 |   6 | 1050.2 |
        Shoals |   5512 |   5228 |    284 |    378 |   1784 |   4 | 1378.0 |
     Snake Pit |   1577 |   1501 |     76 |     24 |   1012 |   2 |  788.5 |
    Slime Pits |   1610 |   1411 |    199 |      0 |   1317 |   5 |  322.0 |
  Orcish Mines |   2432 |   2276 |    156 |    215 |    834 |   2 | 1216.0 |
               +--------+--------+--------+--------+--------+-----+--------+

Top non-repeatable levels by time:
Shoals:3: 1579 daAuts
   Orc:2: 1572 daAuts
  Lair:5: 1561 daAuts
Shoals:4: 1516 daAuts
 Snake:1: 1419 daAuts
Shoals:2: 1337 daAuts
     D:9: 1325 daAuts
  Lair:6: 1253 daAuts
  Lair:2: 1190 daAuts
Shoals:1: 1079 daAuts
    D:11: 1055 daAuts
     D:1: 1001 daAuts
     D:8: 901 daAuts
     D:7: 867 daAuts
   Orc:1: 860 daAuts
